Carnivores vs High Goats
(R1)
Created - 16 décembre 2012 at 01:04
Goals
|
| Carnivores |
0 |
1 |
0 |
1 |
| High Goats |
0 |
3 |
3 |
6 |
|
Shots
|
| Carnivores |
3 |
13 |
17 |
33 |
| High Goats |
6 |
11 |
18 |
35 |
|
1st period
No Goal
Penalties :
Steve Downie (Bre) for Tripping (Minor) at 1:31, Michael Grabner (Bre) for Hooking (Minor) at 8:18
2nd period
1. High Goats , Gilbert Brule 6 (Sami Lepisto) at 2:47
2. Carnivores , Jeff Friesen 12 (Alexei Zhitnik, Jeff Tambellini) at 3:52
3. High Goats , Brad Larsen 4 (Craig Weller, Gilbert Brule) at 10:44
4. High Goats , Lukas Krajicek 2 (Anton Stralman, Gilbert Brule) at 14:18
Penalties :
Lukas Krajicek (Buc) for Roughing (Minor) at 1:29, Jeff Tambellini (Bre) for Charging (Minor) at 1:29, David Laliberté (Buc) for Hooking (Minor) at 6:27, Lukas Krajicek (Buc) for Hooking (Minor) at 12:00, Joël Perrault (Buc) for Tripping (Minor) at 14:27, Petteri Wirtanen (Buc) for Roughing (Minor) at 16:39
3rd period
5. High Goats , Chris Stewart 9 (Lukas Krajicek, Jason Ryznar) at 0:22
6. High Goats , Lukas Krajicek 3 (Gilbert Brule, Craig Weller) at 7:07
7. High Goats , Craig Weller 8 (Gilbert Brule) at 12:07 (PP)
Penalties :
Lukas Krajicek (Buc) for Fighting (Major) at 7:18, Michael Grabner (Bre) for Fighting (Major) at 7:18, Janne Niinimaa (Bre) for Hooking (Minor) at 9:33, Jeff Halpern (Bre) for Hooking (Minor) at 12:03, Joël Perrault (Buc) for Fighting (Major) at 16:07, Andrew Ference (Bre) for Fighting (Major) at 16:07
Goalie Stats
Steve Mason (Bre), 15 saves from 17 shots - (0,882), 19:38 minutes
Josh Tordjman (Bre), 14 saves from 18 shots - (0,778), L, 7-3-1, 40:22 minutes
Jean-Sébastien Aubin (Buc), 32 saves from 33 shots - (0,970), W, 3-2-1, 60:00 minutes
Players Stats for Carnivores
Player Name G A P +/- PIM S H SB GA TA FO MP PP MP PK MP
------------------------------------------------------------------------------------
Alexei Zhitnik 0 1 1 -1 0 2 0 1 1 0 0/0 21:28 3:15 2:46
Andrew Ference 0 0 0 0 5 0 2 0 0 0 0/0 9:02 0:00 0:34
Andy Miele 0 0 0 0 0 7 2 0 0 0 0/1 15:10 0:02 0:00
Blake Geoffrion 0 0 0 0 0 1 1 0 0 0 0/0 12:13 0:00 0:00
David Schlemko 0 0 0 0 0 0 0 0 0 1 0/0 10:51 0:00 1:09
David Van Der Gulik 0 0 0 -1 0 0 0 0 0 0 0/0 7:05 0:02 0:00
Evgeny Dadonov 0 0 0 -1 0 0 0 0 0 0 0/0 0:21 0:02 0:00
Janne Niinimaa 0 0 0 -3 2 2 3 1 2 1 0/0 27:24 4:41 1:50
Jeff Friesen 1 0 1 -1 0 3 1 3 2 0 2/2 20:23 3:53 2:52
Jeff Halpern 0 0 0 -2 2 1 2 0 0 0 5/8 18:07 3:53 1:25
Jeff Schultz 0 0 0 -3 0 1 0 3 1 1 0/0 28:06 4:41 3:02
Jeff Tambellini 0 1 1 0 2 1 0 1 0 0 0/2 20:05 4:01 2:03
Kyle Wilson 0 0 0 0 0 0 0 0 0 0 1/1 5:33 0:00 0:00
Manny Malhotra 0 0 0 0 0 3 2 1 0 1 5/8 14:05 0:00 1:47
Matt Cullen 0 0 0 -2 0 7 0 0 1 0 20/29 24:18 4:01 2:53
Michael Grabner 0 0 0 -2 7 2 3 2 0 0 1/3 18:42 4:01 1:02
Mikael Backlund 0 0 0 0 0 0 0 0 0 0 0/0 0:00 0:00 0:00
Ryan Mcdonagh 0 0 0 -1 0 1 1 1 0 0 0/0 22:47 3:15 2:41
Steve Downie 0 0 0 -2 2 2 2 0 0 0 0/0 16:13 3:53 0:00
Tim Conboy 0 0 0 0 0 0 0 0 0 0 0/0 0:00 0:00 0:00
Players Stats for High Goats
Player Name G A P +/- PIM S H SB GA TA FO MP PP MP PK MP
------------------------------------------------------------------------------------
Anton Stralman 0 1 1 2 0 1 1 0 0 2 0/0 19:56 2:30 3:40
Arturs Kulda 0 0 0 1 0 0 1 0 0 0 0/0 7:05 0:00 1:01
Brad Larsen 1 0 1 1 0 3 5 1 0 0 1/1 21:51 3:13 3:05
Brandon Bollig 0 0 0 0 0 0 0 0 0 0 0/0 0:00 0:00 0:00
Brendon Segal 0 0 0 0 0 1 0 0 0 0 0/0 11:08 0:12 0:00
Chris Stewart 1 0 1 0 0 3 0 0 0 0 0/2 16:19 2:36 1:55
Craig Weller 1 2 3 4 0 7 2 1 0 0 1/2 23:42 3:13 4:13
Dana Tyrell 0 0 0 0 0 0 0 0 0 0 0/0 0:00 0:00 0:00
David Laliberté 0 0 0 0 2 1 4 0 1 0 0/0 8:26 0:12 0:00
Frederic St-Denis 0 0 0 0 0 0 0 0 0 0 0/0 5:33 0:00 0:00
Gilbert Brule 1 4 5 4 0 5 3 2 0 0 11/35 23:43 3:13 4:14
Gord Baldwin 0 0 0 0 0 0 0 0 0 0 0/0 10:26 0:50 1:46
Ivan Vishnevski 0 0 0 0 0 0 0 0 0 0 0/0 0:00 0:00 0:00
Jason Ryznar 0 1 1 1 0 1 2 0 1 1 1/1 14:00 2:36 0:38
Jiri Tlusty 0 0 0 0 0 0 0 0 0 0 0/0 10:01 0:00 0:00
Joël Perrault 0 0 0 1 7 2 2 0 1 0 5/10 12:29 2:36 0:22
John Erskine 0 0 0 1 0 0 2 0 0 1 0/0 19:13 2:05 3:41
John McCarthy 0 0 0 0 0 1 0 0 0 0 0/0 7:24 0:00 0:00
Lukas Krajicek 2 1 3 2 9 5 2 1 1 1 0/0 21:17 2:32 2:20
Matt Frattin 0 0 0 0 0 0 0 0 0 0 0/0 0:00 0:00 0:00
Matt Taormina 0 0 0 0 0 1 0 0 0 0 0/0 11:27 0:40 0:00
Nick Bonino 0 0 0 0 0 1 1 1 0 0 1/2 12:01 0:00 1:25
Petteri Wirtanen 0 0 0 0 2 0 1 0 0 0 0/1 7:40 0:00 0:00
Rhett Rakhshani 0 0 0 0 0 1 0 0 0 0 0/0 0:34 0:12 0:00
Sami Lepisto 0 1 1 2 0 2 1 2 0 2 0/0 25:43 3:25 3:24
3 Stars
1 - Gilbert Brule (Buc)
2 - Craig Weller (Buc)
3 - Jean-Sébastien Aubin (Buc)
Power Play
Carnivores - 0 on 4 Attempt(s) - 0,00%
High Goats - 1 on 4 Attempt(s) - 25,00%
Penalty Kill
Carnivores - 3 on 4 Attempt(s) - 75,00%
- Score 0 goal in Penalty Kill
High Goats - 4 on 4 Attempt(s) - 100,00%
- Score 0 goal in Penalty Kill
Official
Referees : Kimmerly Greg and Rooney Chris
Linesman : Brad Kovachik and Vaughan Rody
Game Notes
Steve Mason enters game at 0:22 of 3rd period
Lukas Krajicek beats up Michael Grabner at 7:18 of 3rd period
Andrew Ference beats up Joël Perrault at 16:07 of 3rd period
Carnivores
5 vs 5 Forward
Center Left Wing Right Wing Time % Phy DF OF
1 Matt Cullen Jeff Tambellini Michael Grabner 40 1 2 2
2 Jeff Halpern Jeff Friesen Steve Downie 30 1 2 2
3 Manny Malhotra Blake Geoffrion Andy Miele 20 1 2 2
4 Kyle Wilson Matt Cullen David Van Der Gulik 10 1 2 2
5 vs 5 Defense
Defense Defense Time % Phy DF OF
1 Jeff Schultz Janne Niinimaa 40 1 2 2
2 Ryan Mcdonagh Alexei Zhitnik 30 1 2 2
3 Andrew Ference David Schlemko 20 1 2 2
4 Jeff Schultz Janne Niinimaa 10 1 2 2
PowerPlay Forward
Center Left Wing Right Wing Time % Phy DF OF
1 Matt Cullen Jeff Tambellini Michael Grabner 60 1 2 2
2 Jeff Halpern Jeff Friesen Steve Downie 40 1 2 2
PowerPlay Defense
Defense Defense Time % Phy DF OF
1 Jeff Schultz Janne Niinimaa 60 1 2 2
2 Ryan Mcdonagh Alexei Zhitnik 40 1 2 2
Penalty Kill 4 Players Forward
Center Wing Time % Phy DF OF
1 Matt Cullen Michael Grabner 60 1 2 2
2 Jeff Tambellini Jeff Friesen 40 1 2 2
Penalty Kill 4 Players Defense
Defense Defense Time % Phy DF OF
1 Jeff Schultz Janne Niinimaa 60 1 2 2
2 Ryan Mcdonagh Alexei Zhitnik 40 1 2 2
Penalty Kill - 3 Players Forward
Forward Time % Phy DF OF
1 Matt Cullen 60 1 2 2
2 Michael Grabner 40 1 2 2
Penalty Kill - 3 Players Defense
Defense Defense Time % Phy DF OF
1 Jeff Schultz Janne Niinimaa 60 1 2 2
2 Ryan Mcdonagh Alexei Zhitnik 40 1 2 2
4 vs 4 Forward
Center Wing Time % Phy DF OF
1 Matt Cullen Michael Grabner 60 1 2 2
2 Jeff Tambellini Jeff Friesen 40 1 2 2
4 vs 4 Defense
Defense Defense Time % Phy DF OF
1 Jeff Schultz Janne Niinimaa 60 1 2 2
2 Ryan Mcdonagh Alexei Zhitnik 40 1 2 2
Last Minutes Offensive
Center Left Wing Right Wing Defense Defense
Matt Cullen Jeff Tambellini Michael Grabner Jeff Schultz Janne Niinimaa
Last Minutes Defensive
Center Left Wing Right Wing Defense Defense
Matt Cullen Jeff Tambellini Michael Grabner Jeff Schultz Janne Niinimaa
Goaltenders
Starting : Josh Tordjman
Backup : Steve Mason
Extra Forwards
Normal : Andy Miele, David Van Der Gulik, Manny Malhotra - PP : Andy Miele, David Van Der Gulik - PK : Manny Malhotra
Extra Defensemen
Normal : Andrew Ference, David Schlemko, Ryan Mcdonagh - PP : Andrew Ference - PK : David Schlemko, Ryan Mcdonagh
Penalty Shots
Matt Cullen, Michael Grabner, Jeff Tambellini, Jeff Friesen, Jeff Halpern
High Goats
5 vs 5 Forward
Center Left Wing Right Wing Time % Phy DF OF
1 Gilbert Brule Brad Larsen Craig Weller 40 1 2 2
2 Joël Perrault Jason Ryznar Chris Stewart 30 1 2 2
3 Nick Bonino Jiri Tlusty Brendon Segal 20 1 2 2
4 Petteri Wirtanen John McCarthy David Laliberté 10 1 2 2
5 vs 5 Defense
Defense Defense Time % Phy DF OF
1 Lukas Krajicek Sami Lepisto 40 1 2 2
2 Anton Stralman John Erskine 30 1 2 2
3 Matt Taormina Gord Baldwin 20 1 2 2
4 Arturs Kulda Frederic St-Denis 10 1 2 2
PowerPlay Forward
Center Left Wing Right Wing Time % Phy DF OF
1 Gilbert Brule Brad Larsen Craig Weller 60 1 2 2
2 Joël Perrault Jason Ryznar Chris Stewart 40 1 2 2
PowerPlay Defense
Defense Defense Time % Phy DF OF
1 Lukas Krajicek Sami Lepisto 60 1 2 2
2 Anton Stralman John Erskine 40 1 2 2
Penalty Kill 4 Players Forward
Center Wing Time % Phy DF OF
1 Gilbert Brule Craig Weller 60 1 2 2
2 Chris Stewart Brad Larsen 40 1 2 2
Penalty Kill 4 Players Defense
Defense Defense Time % Phy DF OF
1 Lukas Krajicek Sami Lepisto 60 1 2 2
2 Anton Stralman John Erskine 40 1 2 2
Penalty Kill - 3 Players Forward
Forward Time % Phy DF OF
1 Gilbert Brule 60 1 2 2
2 Craig Weller 40 1 2 2
Penalty Kill - 3 Players Defense
Defense Defense Time % Phy DF OF
1 Lukas Krajicek Sami Lepisto 60 1 2 2
2 Anton Stralman John Erskine 40 1 2 2
4 vs 4 Forward
Center Wing Time % Phy DF OF
1 Gilbert Brule Craig Weller 60 1 2 2
2 Chris Stewart Brad Larsen 40 1 2 2
4 vs 4 Defense
Defense Defense Time % Phy DF OF
1 Lukas Krajicek Sami Lepisto 60 1 2 2
2 Anton Stralman John Erskine 40 1 2 2
Last Minutes Offensive
Center Left Wing Right Wing Defense Defense
Gilbert Brule Brad Larsen Craig Weller Lukas Krajicek Sami Lepisto
Last Minutes Defensive
Center Left Wing Right Wing Defense Defense
Gilbert Brule Brad Larsen Craig Weller Lukas Krajicek Sami Lepisto
Goaltenders
Starting : Jean-Sébastien Aubin
Backup : Al Montoya
Extra Forwards
Normal : Brendon Segal, David Laliberté, Nick Bonino - PP : Brendon Segal, David Laliberté - PK : Nick Bonino
Extra Defensemen
Normal : Matt Taormina, Gord Baldwin, Arturs Kulda - PP : Matt Taormina - PK : Gord Baldwin, Arturs Kulda
Penalty Shots
Gilbert Brule, Craig Weller, Chris Stewart, Brad Larsen, Joël Perrault
% Time on Ice - Carnivores
Lines # - Real PCT - Wanted PCT - Time Play
Normal Forward
1 - 32% - 40% - 14:10
2 - 28% - 30% - 12:29
3 - 27% - 20% - 12:02
4 - 12% - 10% - 5:23
Normal Defense
1 - 42% - 40% - 18:36
2 - 33% - 30% - 14:30
3 - 23% - 20% - 10:03
4 - 2% - 10% - 0:55
PP Forward
1 - 51% - 60% - 4:03
2 - 49% - 40% - 3:53
PP Defense
1 - 59% - 60% - 4:41
2 - 41% - 40% - 3:15
PK Forward
1 - 85% - 60% - 5:08
2 - 15% - 40% - 0:53
PK Defense
1 - 63% - 60% - 3:49
2 - 37% - 40% - 2:12
PK3 Forward
1 - 0% - 60%
2 - 0% - 40%
PK3 Defense
1 - 0% - 60%
2 - 0% - 40%
44 Forward
1 - 67% - 60% - 1:20
2 - 33% - 40% - 0:39
44 Defense
1 - 70% - 60% - 1:23
2 - 30% - 40% - 0:36
Last Minute Offensive - 0:00
Last Minute Defensive - 0:00
Total
Forward - 60:00
Defense - 60:00
|
% Time on Ice - High Goats
Lines # - Real PCT - Wanted PCT - Time Play
Normal Forward
1 - 35% - 40% - 15:29
2 - 25% - 30% - 11:10
3 - 23% - 20% - 10:01
4 - 17% - 10% - 7:24
Normal Defense
1 - 41% - 40% - 18:06
2 - 29% - 30% - 12:47
3 - 17% - 20% - 7:38
4 - 13% - 10% - 5:33
PP Forward
1 - 57% - 60% - 3:25
2 - 43% - 40% - 2:36
PP Defense
1 - 76% - 60% - 4:35
2 - 24% - 40% - 1:26
PK Forward
1 - 76% - 60% - 6:01
2 - 24% - 40% - 1:55
PK Defense
1 - 56% - 60% - 4:27
2 - 44% - 40% - 3:29
PK3 Forward
1 - 0% - 60%
2 - 0% - 40%
PK3 Defense
1 - 0% - 60%
2 - 0% - 40%
44 Forward
1 - 68% - 60% - 1:21
2 - 32% - 40% - 0:38
44 Defense
1 - 82% - 60% - 1:37
2 - 18% - 40% - 0:22
Last Minute Offensive - 0:00
Last Minute Defensive - 0:00
Total
Forward - 60:00
Defense - 60:00
|
Play by Play
1st period
0:01 of 1st period - Matt Cullen wins face-off versus Gilbert Brule in neutral zone.
0:53 of 1st period - Wrist shot by Andy Miele.
0:53 of 1st period - Stopped by Jean-Sébastien Aubin with a rebound.
1:05 of 1st period - Ryan Mcdonagh is hit by David Laliberté and loses puck.
1:31 of 1st period - Minor Penalty to Steve Downie for Tripping.
1:32 of 1st period - Matt Cullen wins face-off versus Gilbert Brule in Carnivores zone.
1:32 of 1st period - Matt Cullen is hit by Gilbert Brule.
1:38 of 1st period - Slapshot by Alexei Zhitnik.
1:38 of 1st period - Stopped by Jean-Sébastien Aubin without a rebound.
1:39 of 1st period - Gilbert Brule wins face-off versus Matt Cullen in High Goats zone.
1:48 of 1st period - Wrist shot by Lukas Krajicek.
1:48 of 1st period - Shot Misses the Net.
2:08 of 1st period - Snap shot by Jeff Tambellini.
2:08 of 1st period - Shot Misses the Net.
2:10 of 1st period - Slapshot by Alexei Zhitnik.
2:10 of 1st period - Stopped by Jean-Sébastien Aubin with a rebound.
2:16 of 1st period - Wrist shot by Jeff Tambellini.
2:16 of 1st period - Shot Hit the Post.
2:26 of 1st period - Matt Cullen is hit by Brad Larsen and loses puck.
3:31 of 1st period - Penalty to Steve Downie is over, Steve Downie is back on ice.
3:39 of 1st period - Wrist shot by Rhett Rakhshani.
3:39 of 1st period - Stopped by Josh Tordjman with a rebound.
3:46 of 1st period - Off-side.
3:47 of 1st period - Manny Malhotra wins face-off versus Nick Bonino in neutral zone.
4:14 of 1st period - David Laliberté is hit by Michael Grabner and loses puck.
5:10 of 1st period - John Erskine is hit by Andy Miele and loses puck.
5:27 of 1st period - Wrist shot by Joël Perrault.
5:27 of 1st period - Deflect By Matt Cullen.
5:27 of 1st period - Stopped by Josh Tordjman without a rebound.
5:28 of 1st period - Kyle Wilson wins face-off versus Joël Perrault in Carnivores zone.
6:17 of 1st period - Jeff Friesen is hit by David Laliberté and loses puck.
6:24 of 1st period - John McCarthy is hit by Andrew Ference and loses puck.
7:29 of 1st period - Backhand shot by David Laliberté.
7:29 of 1st period - Shot Misses the Net.
7:31 of 1st period - Wrist shot by John McCarthy.
7:31 of 1st period - Stopped by Josh Tordjman with a rebound.
7:43 of 1st period - Wrist shot by Gilbert Brule.
7:43 of 1st period - Shot Misses the Net.
7:45 of 1st period - Snap shot by Craig Weller.
7:45 of 1st period - Stopped by Josh Tordjman with a rebound.
7:47 of 1st period - Wrist shot by Brad Larsen.
7:47 of 1st period - Stopped by Josh Tordjman with a rebound.
8:18 of 1st period - Minor Penalty to Michael Grabner for Hooking.
8:19 of 1st period - Matt Cullen wins face-off versus Gilbert Brule in Carnivores zone.
8:28 of 1st period - Ryan Mcdonagh is hit by Craig Weller and loses puck.
8:49 of 1st period - Jason Ryznar is hit by Ryan Mcdonagh and loses puck.
8:59 of 1st period - Alexei Zhitnik is hit by Lukas Krajicek and loses puck.
9:23 of 1st period - Manny Malhotra is hit by Joël Perrault and loses puck.
10:18 of 1st period - Penalty to Michael Grabner is over, Michael Grabner is back on ice.
10:55 of 1st period - Petteri Wirtanen is hit by Andrew Ference and loses puck.
12:15 of 1st period - Steve Downie is hit by David Laliberté and loses puck.
12:57 of 1st period - Joël Perrault is hit by Michael Grabner and loses puck.
13:22 of 1st period - David Laliberté is hit by Blake Geoffrion and loses puck.
13:43 of 1st period - Jiri Tlusty is hit by Jeff Friesen and loses puck.
14:00 of 1st period - Jeff Schultz is hit by Joël Perrault and loses puck.
15:02 of 1st period - Snap shot by David Laliberté.
15:02 of 1st period - Shot Misses the Net.
15:27 of 1st period - Manny Malhotra is hit by Gilbert Brule and loses puck.
16:32 of 1st period - Craig Weller is hit by Jeff Halpern and loses puck.
17:49 of 1st period - Snap shot by Joël Perrault.
17:49 of 1st period - Shot Misses the Net.
18:11 of 1st period - Steve Downie is hit by Petteri Wirtanen and loses puck.
18:18 of 1st period - Slapshot by Petteri Wirtanen.
18:18 of 1st period - Deflect By David Laliberté.
18:18 of 1st period - Stopped by Josh Tordjman without a rebound.
18:19 of 1st period - Manny Malhotra wins face-off versus Gilbert Brule in Carnivores zone.
18:31 of 1st period - Gilbert Brule is hit by Manny Malhotra and loses puck.
18:48 of 1st period - Joël Perrault is hit by Michael Grabner and loses puck.
18:57 of 1st period - Snap shot by Jason Ryznar.
18:57 of 1st period - Shot Blocked by Michael Grabner.
19:27 of 1st period - Nick Bonino is hit by Steve Downie and loses puck.
19:46 of 1st period - Wrist shot by Gilbert Brule.
19:46 of 1st period - Shot Blocked by Manny Malhotra.
2nd period
0:01 of 2nd period - Matt Cullen wins face-off versus Gilbert Brule in neutral zone.
0:26 of 2nd period - Jeff Schultz is hit by Lukas Krajicek and loses puck.
0:53 of 2nd period - Janne Niinimaa is hit by John Erskine.
0:54 of 2nd period - Icing by Janne Niinimaa.
0:55 of 2nd period - Manny Malhotra wins face-off versus Gilbert Brule in Carnivores zone.
1:04 of 2nd period - Slapshot by Manny Malhotra.
1:04 of 2nd period - Stopped by Jean-Sébastien Aubin without a rebound.
1:05 of 2nd period - Matt Cullen wins face-off versus Gilbert Brule in High Goats zone.
1:16 of 2nd period - Slapshot by Lukas Krajicek.
1:16 of 2nd period - Stopped by Josh Tordjman without a rebound.
1:17 of 2nd period - Matt Cullen wins face-off versus Gilbert Brule in Carnivores zone.
1:19 of 2nd period - Icing by Jeff Tambellini.
1:20 of 2nd period - Matt Cullen wins face-off versus Gilbert Brule in Carnivores zone.
1:29 of 2nd period - Slapshot by Matt Cullen.
1:29 of 2nd period - Stopped by Jean-Sébastien Aubin without a rebound.
1:29 of 2nd period - Minor Penalty to Lukas Krajicek for Roughing.
1:29 of 2nd period - Minor Penalty to Jeff Tambellini for Charging.
1:30 of 2nd period - Matt Cullen wins face-off versus Gilbert Brule in High Goats zone.
1:41 of 2nd period - Backhand shot by Sami Lepisto.
1:41 of 2nd period - Shot Misses the Net.
1:43 of 2nd period - Wrist shot by Gilbert Brule.
1:43 of 2nd period - Shot Misses the Net.
2:08 of 2nd period - Slapshot by Andy Miele.
2:08 of 2nd period - Deflect By Jeff Friesen.
2:08 of 2nd period - Stopped by Jean-Sébastien Aubin with a rebound.
2:12 of 2nd period - Snap shot by Andy Miele.
2:12 of 2nd period - Stopped by Jean-Sébastien Aubin without a rebound.
2:13 of 2nd period - Brad Larsen wins face-off versus Andy Miele in High Goats zone.
2:22 of 2nd period - Wrist shot by Chris Stewart.
2:22 of 2nd period - Stopped by Josh Tordjman with a rebound.
2:35 of 2nd period - Slapshot by Anton Stralman.
2:35 of 2nd period - Deflect By Brad Larsen.
2:35 of 2nd period - Shot Misses the Net.
2:35 of 2nd period - Puck is out of play.
2:36 of 2nd period - Matt Cullen wins face-off versus Gilbert Brule in Carnivores zone.
2:47 of 2nd period - Snap shot by Gilbert Brule.
2:47 of 2nd period - Goal by Gilbert Brule - Carnivores : 0 - High Goats : 1.
2:48 of 2nd period - Gilbert Brule wins face-off versus Matt Cullen in neutral zone.
3:29 of 2nd period - Penalty to Lukas Krajicek is over, Lukas Krajicek is back on ice.
3:29 of 2nd period - Penalty to Jeff Tambellini is over, Jeff Tambellini is back on ice.
3:29 of 2nd period - Andy Miele is hit by Brad Larsen and loses puck.
3:48 of 2nd period - Snap shot by Jeff Tambellini.
3:48 of 2nd period - Shot Blocked by Brad Larsen.
3:50 of 2nd period - Wrist shot by Jeff Friesen.
3:50 of 2nd period - Shot Misses the Net.
3:52 of 2nd period - Slapshot by Alexei Zhitnik.
3:52 of 2nd period - Deflect By Jeff Friesen.
3:52 of 2nd period - Goal by Jeff Friesen - Carnivores : 1 - High Goats : 1.
3:53 of 2nd period - Matt Cullen wins face-off versus Gilbert Brule in neutral zone.
4:08 of 2nd period - Slapshot by Brad Larsen.
4:08 of 2nd period - Shot Blocked by Jeff Tambellini.
4:27 of 2nd period - Lukas Krajicek is hit by Jeff Halpern and loses puck.
4:50 of 2nd period - Snap shot by Manny Malhotra.
4:50 of 2nd period - Deflect By Blake Geoffrion.
4:50 of 2nd period - Stopped by Jean-Sébastien Aubin with a rebound.
5:24 of 2nd period - Snap shot by Jeff Halpern.
5:24 of 2nd period - Shot Misses the Net.
5:36 of 2nd period - Snap shot by Chris Stewart.
5:36 of 2nd period - Shot Misses the Net.
6:27 of 2nd period - Minor Penalty to David Laliberté for Hooking.
6:28 of 2nd period - Michael Grabner wins face-off versus Gilbert Brule in High Goats zone.
6:53 of 2nd period - Anton Stralman is hit by Janne Niinimaa and loses puck.
6:58 of 2nd period - Snap shot by Steve Downie.
6:58 of 2nd period - Shot Blocked by Gilbert Brule.
7:00 of 2nd period - Snap shot by Steve Downie.
7:00 of 2nd period - Shot Misses the Net.
8:21 of 2nd period - Steve Downie is hit by Arturs Kulda and loses puck.
8:27 of 2nd period - Penalty to David Laliberté is over, David Laliberté is back on ice.
8:34 of 2nd period - Snap shot by Janne Niinimaa.
8:34 of 2nd period - Shot Blocked by Nick Bonino.
8:36 of 2nd period - Snap shot by Andy Miele.
8:36 of 2nd period - Stopped by Jean-Sébastien Aubin with a rebound.
8:38 of 2nd period - Wrist shot by Blake Geoffrion.
8:38 of 2nd period - Deflect By Manny Malhotra.
8:38 of 2nd period - Shot Misses the Net.
8:38 of 2nd period - Puck is out of play.
8:39 of 2nd period - Manny Malhotra wins face-off versus Joël Perrault in High Goats zone.
8:43 of 2nd period - Icing by Lukas Krajicek.
8:44 of 2nd period - Joël Perrault wins face-off versus Manny Malhotra in High Goats zone.
8:49 of 2nd period - Snap shot by Manny Malhotra.
8:49 of 2nd period - Shot Misses the Net.
8:59 of 2nd period - Slapshot by Sami Lepisto.
8:59 of 2nd period - Shot Misses the Net.
9:15 of 2nd period - Manny Malhotra is hit by Sami Lepisto.
9:29 of 2nd period - Slapshot by Andy Miele.
9:29 of 2nd period - Stopped by Jean-Sébastien Aubin with a rebound.
9:50 of 2nd period - Wrist shot by Andy Miele.
9:50 of 2nd period - Deflect By Manny Malhotra.
9:50 of 2nd period - Shot Blocked by Sami Lepisto.
9:50 of 2nd period - Puck is out of play.
9:51 of 2nd period - Gilbert Brule wins face-off versus Jeff Tambellini in High Goats zone.
9:59 of 2nd period - Slapshot by John Erskine.
9:59 of 2nd period - Deflect By Gilbert Brule.
9:59 of 2nd period - Shot Misses the Net.
9:59 of 2nd period - Puck is out of play.
10:00 of 2nd period - Gilbert Brule wins face-off versus Jeff Tambellini in Carnivores zone.
10:05 of 2nd period - Wrist shot by Gilbert Brule.
10:05 of 2nd period - Deflect By Craig Weller.
10:05 of 2nd period - Stopped by Josh Tordjman with a rebound.
10:42 of 2nd period - Wrist shot by Craig Weller.
10:42 of 2nd period - Shot Misses the Net.
10:44 of 2nd period - Snap shot by Brad Larsen.
10:44 of 2nd period - Deflect By Janne Niinimaa.
10:44 of 2nd period - Goal by Brad Larsen - Carnivores : 1 - High Goats : 2.
10:45 of 2nd period - Jeff Friesen wins face-off versus Joël Perrault in neutral zone.
10:48 of 2nd period - Slapshot by Alexei Zhitnik.
10:48 of 2nd period - Shot Misses the Net.
10:50 of 2nd period - Wrist shot by Jeff Halpern.
10:50 of 2nd period - Shot Blocked by Sami Lepisto.
11:00 of 2nd period - Wrist shot by Jeff Halpern.
11:00 of 2nd period - Stopped by Jean-Sébastien Aubin with a rebound.
11:10 of 2nd period - Alexei Zhitnik is hit by Nick Bonino and loses puck.
11:21 of 2nd period - Snap shot by Nick Bonino.
11:21 of 2nd period - Shot Misses the Net.
11:44 of 2nd period - Off-side.
11:45 of 2nd period - Joël Perrault wins face-off versus Jeff Halpern in neutral zone.
11:56 of 2nd period - Wrist shot by Jason Ryznar.
11:56 of 2nd period - Shot Misses the Net.
11:58 of 2nd period - Slapshot by Gord Baldwin.
11:58 of 2nd period - Deflect By Joël Perrault.
11:58 of 2nd period - Shot Misses the Net.
11:58 of 2nd period - Puck is out of play.
11:59 of 2nd period - Matt Cullen wins face-off versus Gilbert Brule in Carnivores zone.
11:59 of 2nd period - Matt Cullen is hit by Craig Weller.
12:00 of 2nd period - Minor Penalty to Lukas Krajicek for Hooking.
12:01 of 2nd period - Matt Cullen wins face-off versus Gilbert Brule in High Goats zone.
12:02 of 2nd period - Slapshot by Janne Niinimaa.
12:02 of 2nd period - Stopped by Jean-Sébastien Aubin without a rebound.
12:03 of 2nd period - Craig Weller wins face-off versus Matt Cullen in High Goats zone.
12:12 of 2nd period - Wrist shot by Michael Grabner.
12:12 of 2nd period - Shot Blocked by Craig Weller.
12:14 of 2nd period - Slapshot by Jeff Schultz.
12:14 of 2nd period - Shot Misses the Net.
12:18 of 2nd period - Wrist shot by Jeff Tambellini.
12:18 of 2nd period - Shot Misses the Net.
12:34 of 2nd period - Wrist shot by Steve Downie.
12:34 of 2nd period - Deflect By Brad Larsen.
12:34 of 2nd period - Stopped by Jean-Sébastien Aubin with a rebound.
14:00 of 2nd period - Penalty to Lukas Krajicek is over, Lukas Krajicek is back on ice.
14:08 of 2nd period - Wrist shot by Lukas Krajicek.
14:08 of 2nd period - Shot Misses the Net.
14:10 of 2nd period - Snap shot by Craig Weller.
14:10 of 2nd period - Shot Misses the Net.
14:12 of 2nd period - Slapshot by Anton Stralman.
14:12 of 2nd period - Stopped by Josh Tordjman with a rebound.
14:14 of 2nd period - Snap shot by Gilbert Brule.
14:14 of 2nd period - Stopped by Josh Tordjman with a rebound.
14:16 of 2nd period - Slapshot by Anton Stralman.
14:16 of 2nd period - Shot Blocked by Alexei Zhitnik.
14:18 of 2nd period - Slapshot by Lukas Krajicek.
14:18 of 2nd period - Goal by Lukas Krajicek - Carnivores : 1 - High Goats : 3.
14:19 of 2nd period - Joël Perrault wins face-off versus Matt Cullen in neutral zone.
14:27 of 2nd period - Minor Penalty to Joël Perrault for Tripping.
14:28 of 2nd period - Matt Cullen wins face-off versus Gilbert Brule in High Goats zone.
14:35 of 2nd period - Snap shot by Michael Grabner.
14:35 of 2nd period - Stopped by Jean-Sébastien Aubin with a rebound.
14:37 of 2nd period - Snap shot by Jeff Tambellini.
14:37 of 2nd period - Shot Blocked by Lukas Krajicek.
14:53 of 2nd period - Lukas Krajicek is hit by Steve Downie and loses puck.
16:13 of 2nd period - Alexei Zhitnik is hit by Jason Ryznar and loses puck.
16:27 of 2nd period - Penalty to Joël Perrault is over, Joël Perrault is back on ice.
16:39 of 2nd period - Minor Penalty to Petteri Wirtanen for Roughing.
16:40 of 2nd period - Matt Cullen wins face-off versus Gilbert Brule in High Goats zone.
17:23 of 2nd period - Snap shot by Chris Stewart.
17:23 of 2nd period - Deflect By Brad Larsen.
17:23 of 2nd period - Shot Blocked by Jeff Friesen.
17:23 of 2nd period - Puck is out of play.
17:24 of 2nd period - Jeff Halpern wins face-off versus Chris Stewart in Carnivores zone.
17:28 of 2nd period - Off-side.
17:29 of 2nd period - Jeff Halpern wins face-off versus Gilbert Brule in neutral zone.
17:34 of 2nd period - Wrist shot by Gilbert Brule.
17:34 of 2nd period - Deflect By Steve Downie.
17:34 of 2nd period - Shot Blocked by Jeff Schultz.
17:34 of 2nd period - Puck is out of play.
17:35 of 2nd period - Gilbert Brule wins face-off versus Michael Grabner in Carnivores zone.
17:36 of 2nd period - Wrist shot by Craig Weller.
17:36 of 2nd period - Deflect By Gilbert Brule.
17:36 of 2nd period - Stopped by Josh Tordjman with a rebound.
18:02 of 2nd period - Off-side.
18:03 of 2nd period - Jeff Halpern wins face-off versus Chris Stewart in neutral zone.
18:28 of 2nd period - Alexei Zhitnik is hit by Gilbert Brule and loses puck.
18:33 of 2nd period - Wrist shot by Gilbert Brule.
18:33 of 2nd period - Deflect By Craig Weller.
18:33 of 2nd period - Stopped by Josh Tordjman without a rebound.
18:34 of 2nd period - Gilbert Brule wins face-off versus Matt Cullen in Carnivores zone.
18:35 of 2nd period - Snap shot by Craig Weller.
18:35 of 2nd period - Stopped by Josh Tordjman with a rebound.
18:39 of 2nd period - Penalty to Petteri Wirtanen is over, Petteri Wirtanen is back on ice.
19:26 of 2nd period - Snap shot by Brendon Segal.
19:26 of 2nd period - Shot Blocked by Jeff Friesen.
19:28 of 2nd period - Slapshot by Brendon Segal.
19:28 of 2nd period - Shot Blocked by Jeff Schultz.
19:50 of 2nd period - Wrist shot by Matt Cullen.
19:50 of 2nd period - Stopped by Jean-Sébastien Aubin with a rebound.
3rd period
0:01 of 3rd period - Gilbert Brule wins face-off versus Matt Cullen in neutral zone.
0:14 of 3rd period - Slapshot by Janne Niinimaa.
0:14 of 3rd period - Deflect By Michael Grabner.
0:14 of 3rd period - Shot Blocked by Gilbert Brule.
0:14 of 3rd period - Puck is out of play.
0:15 of 3rd period - Jason Ryznar wins face-off versus Jeff Halpern in High Goats zone.
0:22 of 3rd period - Slapshot by Chris Stewart.
0:22 of 3rd period - Goal by Chris Stewart - Carnivores : 1 - High Goats : 4.
0:22 of 3rd period - Steve Mason enters game.
0:23 of 3rd period - Gilbert Brule wins face-off versus Matt Cullen in neutral zone.
0:26 of 3rd period - Matt Cullen is hit by Brad Larsen and loses puck.
1:08 of 3rd period - Icing by Sami Lepisto.
1:09 of 3rd period - Nick Bonino wins face-off versus Manny Malhotra in High Goats zone.
1:09 of 3rd period - Nick Bonino is hit by Andy Miele.
1:35 of 3rd period - Wrist shot by Lukas Krajicek.
1:35 of 3rd period - Stopped by Steve Mason with a rebound.
1:37 of 3rd period - Snap shot by Lukas Krajicek.
1:37 of 3rd period - Shot Blocked by Ryan Mcdonagh.
1:39 of 3rd period - Slapshot by Lukas Krajicek.
1:39 of 3rd period - Deflect By Michael Grabner.
1:39 of 3rd period - Stopped by Steve Mason with a rebound.
1:45 of 3rd period - Snap shot by Gilbert Brule.
1:45 of 3rd period - Stopped by Steve Mason without a rebound.
1:46 of 3rd period - Jeff Friesen wins face-off versus Gilbert Brule in Carnivores zone.
1:46 of 3rd period - Jeff Friesen is hit by John Erskine.
2:40 of 3rd period - Wrist shot by Manny Malhotra.
2:40 of 3rd period - Stopped by Jean-Sébastien Aubin with a rebound.
2:42 of 3rd period - Slapshot by Ryan Mcdonagh.
2:42 of 3rd period - Stopped by Jean-Sébastien Aubin with a rebound.
2:54 of 3rd period - Slapshot by Jeff Halpern.
2:54 of 3rd period - Shot Misses the Net.
2:56 of 3rd period - Wrist shot by Jeff Friesen.
2:56 of 3rd period - Stopped by Jean-Sébastien Aubin with a rebound.
3:37 of 3rd period - Snap shot by Chris Stewart.
3:37 of 3rd period - Stopped by Steve Mason with a rebound.
3:51 of 3rd period - Snap shot by David Van Der Gulik.
3:51 of 3rd period - Shot Hit the Post.
4:15 of 3rd period - Snap shot by Gilbert Brule.
4:15 of 3rd period - Stopped by Steve Mason with a rebound.
5:11 of 3rd period - Slapshot by Brendon Segal.
5:11 of 3rd period - Shot Blocked by Jeff Schultz.
5:13 of 3rd period - Snap shot by Jiri Tlusty.
5:13 of 3rd period - Shot Misses the Net.
5:39 of 3rd period - Wrist shot by Matt Cullen.
5:39 of 3rd period - Shot Misses the Net.
5:41 of 3rd period - Slapshot by Jeff Schultz.
5:41 of 3rd period - Stopped by Jean-Sébastien Aubin with a rebound.
5:57 of 3rd period - Wrist shot by Chris Stewart.
5:57 of 3rd period - Shot Misses the Net.
6:27 of 3rd period - Wrist shot by Anton Stralman.
6:27 of 3rd period - Shot Misses the Net.
6:30 of 3rd period - Icing by Jeff Friesen.
6:31 of 3rd period - Jeff Halpern wins face-off versus Gilbert Brule in Carnivores zone.
6:40 of 3rd period - Wrist shot by Brad Larsen.
6:40 of 3rd period - Stopped by Steve Mason with a rebound.
6:42 of 3rd period - Snap shot by Gilbert Brule.
6:42 of 3rd period - Shot Blocked by Jeff Friesen.
7:01 of 3rd period - Slapshot by Sami Lepisto.
7:01 of 3rd period - Stopped by Steve Mason with a rebound.
7:03 of 3rd period - Snap shot by Craig Weller.
7:03 of 3rd period - Stopped by Steve Mason with a rebound.
7:05 of 3rd period - Snap shot by Gilbert Brule.
7:05 of 3rd period - Shot Misses the Net.
7:07 of 3rd period - Snap shot by Lukas Krajicek.
7:07 of 3rd period - Goal by Lukas Krajicek - Carnivores : 1 - High Goats : 5.
7:08 of 3rd period - Matt Cullen wins face-off versus Joël Perrault in neutral zone.
7:18 of 3rd period - Lukas Krajicek beats up Michael Grabner.
7:18 of 3rd period - Penalty to Lukas Krajicek for Fighting.
7:18 of 3rd period - Penalty to Michael Grabner for Fighting.
7:19 of 3rd period - Matt Cullen wins face-off versus Gilbert Brule in High Goats zone.
7:28 of 3rd period - Wrist shot by Craig Weller.
7:28 of 3rd period - Stopped by Steve Mason with a rebound.
7:44 of 3rd period - Brad Larsen is hit by Janne Niinimaa and loses puck.
8:07 of 3rd period - Wrist shot by Joël Perrault.
8:07 of 3rd period - Stopped by Steve Mason with a rebound.
8:29 of 3rd period - Wrist shot by Brendon Segal.
8:29 of 3rd period - Stopped by Steve Mason with a rebound.
8:46 of 3rd period - Snap shot by Sami Lepisto.
8:46 of 3rd period - Stopped by Steve Mason with a rebound.
8:48 of 3rd period - Snap shot by David Laliberté.
8:48 of 3rd period - Shot Misses the Net.
9:33 of 3rd period - Minor Penalty to Janne Niinimaa for Hooking.
9:34 of 3rd period - Matt Cullen wins face-off versus Gilbert Brule in Carnivores zone.
9:43 of 3rd period - Matt Cullen is hit by Brad Larsen and loses puck.
10:02 of 3rd period - Slapshot by Manny Malhotra.
10:02 of 3rd period - Stopped by Jean-Sébastien Aubin with a rebound.
11:32 of 3rd period - Jeff Halpern is hit by Anton Stralman and loses puck.
11:33 of 3rd period - Penalty to Janne Niinimaa is over, Janne Niinimaa is back on ice.
11:43 of 3rd period - Wrist shot by Brendon Segal.
11:43 of 3rd period - Shot Misses the Net.
12:03 of 3rd period - Minor Penalty to Jeff Halpern for Hooking.
12:04 of 3rd period - Gilbert Brule wins face-off versus Matt Cullen in Carnivores zone.
12:07 of 3rd period - Snap shot by Craig Weller.
12:07 of 3rd period - Goal by Craig Weller - Carnivores : 1 - High Goats : 6.
12:08 of 3rd period - Matt Cullen wins face-off versus Gilbert Brule in neutral zone.
12:11 of 3rd period - Slapshot by Janne Niinimaa.
12:11 of 3rd period - Shot Misses the Net.
12:13 of 3rd period - Slapshot by Janne Niinimaa.
12:13 of 3rd period - Shot Misses the Net.
12:15 of 3rd period - Wrist shot by Andy Miele.
12:15 of 3rd period - Stopped by Jean-Sébastien Aubin with a rebound.
12:17 of 3rd period - Snap shot by Andy Miele.
12:17 of 3rd period - Stopped by Jean-Sébastien Aubin with a rebound.
12:19 of 3rd period - Snap shot by Andy Miele.
12:19 of 3rd period - Shot Misses the Net.
12:21 of 3rd period - Wrist shot by Matt Cullen.
12:21 of 3rd period - Stopped by Jean-Sébastien Aubin without a rebound.
12:22 of 3rd period - Matt Cullen wins face-off versus Craig Weller in High Goats zone.
12:25 of 3rd period - Snap shot by Matt Cullen.
12:25 of 3rd period - Stopped by Jean-Sébastien Aubin without a rebound.
12:26 of 3rd period - Matt Cullen wins face-off versus Gilbert Brule in High Goats zone.
13:25 of 3rd period - Snap shot by Jeff Tambellini.
13:25 of 3rd period - Stopped by Jean-Sébastien Aubin with a rebound.
13:27 of 3rd period - Slapshot by Janne Niinimaa.
13:27 of 3rd period - Stopped by Jean-Sébastien Aubin with a rebound.
13:29 of 3rd period - Wrist shot by Michael Grabner.
13:29 of 3rd period - Stopped by Jean-Sébastien Aubin without a rebound.
13:30 of 3rd period - Jeff Halpern wins face-off versus Joël Perrault in High Goats zone.
13:35 of 3rd period - Slapshot by Steve Downie.
13:35 of 3rd period - Stopped by Jean-Sébastien Aubin without a rebound.
13:36 of 3rd period - Joël Perrault wins face-off versus Jeff Halpern in High Goats zone.
13:41 of 3rd period - David Schlemko is hit by Jason Ryznar and loses puck.
14:26 of 3rd period - Slapshot by Matt Taormina.
14:26 of 3rd period - Stopped by Steve Mason with a rebound.
14:47 of 3rd period - Icing by Alexei Zhitnik.
14:48 of 3rd period - Manny Malhotra wins face-off versus Petteri Wirtanen in Carnivores zone.
14:48 of 3rd period - Manny Malhotra is hit by David Laliberté.
14:56 of 3rd period - Wrist shot by Andy Miele.
14:56 of 3rd period - Stopped by Jean-Sébastien Aubin with a rebound.
15:30 of 3rd period - Wrist shot by Matt Cullen.
15:30 of 3rd period - Stopped by Jean-Sébastien Aubin with a rebound.
15:34 of 3rd period - Backhand shot by Matt Cullen.
15:34 of 3rd period - Stopped by Jean-Sébastien Aubin without a rebound.
15:35 of 3rd period - Gilbert Brule wins face-off versus Matt Cullen in High Goats zone.
15:51 of 3rd period - Wrist shot by Matt Cullen.
15:51 of 3rd period - Stopped by Jean-Sébastien Aubin with a rebound.
16:01 of 3rd period - Brad Larsen is hit by Manny Malhotra and loses puck.
16:06 of 3rd period - Slapshot by Andy Miele.
16:06 of 3rd period - Deflect By Gilbert Brule.
16:06 of 3rd period - Shot Misses the Net.
16:06 of 3rd period - Puck is out of play.
16:07 of 3rd period - Joël Perrault wins face-off versus Manny Malhotra in High Goats zone.
16:07 of 3rd period - Andrew Ference beats up Joël Perrault.
16:07 of 3rd period - Penalty to Joël Perrault for Fighting.
16:07 of 3rd period - Penalty to Andrew Ference for Fighting.
16:08 of 3rd period - Gilbert Brule wins face-off versus Michael Grabner in High Goats zone.
16:40 of 3rd period - Anton Stralman is hit by Janne Niinimaa and loses puck.
17:57 of 3rd period - Snap shot by Jason Ryznar.
17:57 of 3rd period - Stopped by Steve Mason with a rebound.
17:59 of 3rd period - Snap shot by Chris Stewart.
17:59 of 3rd period - Shot Blocked by Janne Niinimaa.
18:01 of 3rd period - Slapshot by Lukas Krajicek.
18:01 of 3rd period - Shot Blocked by Michael Grabner.
18:11 of 3rd period - Jeff Schultz is hit by Brad Larsen.
19:09 of 3rd period - Wrist shot by Nick Bonino.
19:09 of 3rd period - Stopped by Steve Mason with a rebound.
Output by the SimonT Hockey Simulator (STHS) for François Prévost -- Original Page W3C XHTML 1.0 Valid